Map: King's Cove LE

Players

SortOf - Winner!

  • Race: Zerg Zerg
  • League: Diamond
  • Spawn Location: 5:00

GunGFuBanDa

  • Race: Protoss Protoss
  • Spawn Location: 11:00

Event: 2019 WCS Summer

VOD

Have the link to the VOD?

Description

Time

  • Played on: July 13, 2019, 9:24 a.m.
  • Length: 19:51

All games in this series

Show
View Real Time Build Order
Export as new Build Order

SortOf Zerg - Winner!

Build Orders: Hatch First, Brood Lord Corruptor, Muta Ling Bane 

Get SALT Encoding   

  12  0:00  Drone  
  13  0:14  Overlord  
  13  0:18  Drone  
  14  0:32  Drone x2  
  16  0:37  Drone  
  17  0:58  Drone  
  17  0:59  Hatchery  
  17  1:01  Drone  
  18  1:09  Extractor  
  17  1:18  Spawning Pool  
  16  1:20  Drone  
  16  1:23  Drone  
  19  1:36  Drone  
  20  1:42  Drone  
  21  1:50  Hatchery  
  20  1:57  Overlord  
  20  2:10  Queen  
  22  2:17  Zergling x4  
  22  2:22  Metabolic Boost  
  24  2:26  Drone  
  25  2:34  Drone  
  26  2:39  Hatchery  
  25  2:45  Queen  
  27  2:52  Overlord  
  27  2:55  Drone  
  28  3:06  Drone  
  28  3:07  Drone  
  30  3:13  Overlord  
  30  3:18  Drone x2  
  32  3:22  Drone x2  
  33  3:28  Zergling x2  
  33  3:31  Queen  
  36  3:35  Drone  
  36  3:36  Drone  
  38  3:43  Zergling x2  
  38  3:46  Drone  
  40  3:51  Drone x4  
  40  3:53  Overlord  
  44  3:56  Drone x2  
  44  4:01  Drone x2  
  48  4:03  Queen  
  50  4:10  Roach Warren  
  50  4:13  Drone x2  
  51  4:20  Drone  
  52  4:24  Drone x3  
  52  4:26  Overlord  
  52  4:28  Drone  
  56  4:34  Overlord  
  56  4:35  Zergling x4  
  58  4:42  Extractor  
  58  4:45  Extractor, Overlord  
  56  4:48  Lair  
  56  4:49  Drone x2  
  56  4:50  Drone x3  
  56  4:51  Drone  
  56  4:52  Roach  
  64  4:55  Roach  
  65  5:00  Roach  
  65  5:02  Roach x2  
  71  5:07  Drone x2  
  71  5:08  Drone  
  71  5:11  Overlord  
  74  5:15  Roach x4  
  74  5:20  Spore Crawler x2  
  74  5:21  Drone  
  77  5:23  Spore Crawler  
  77  5:25  Drone  
  77  5:27  Drone  
  78  5:29  Drone  
  78  5:30  Drone  
  78  5:33  Drone x2  
  82  5:37  Drone x3  
  82  5:40  Overlord  
  84  5:48  Glial Reconstitution  
  84  5:50  Roach x2  
  84  5:51  Overlord  
  84  5:52  Overseer  
  84  5:55  Extractor  
  87  6:00  Extractor, Roach x3  
  87  6:02  Drone  
  87  6:03  Drone  
  94  6:05  Drone, Overlord  
  94  6:07  Roach  
  97  6:12  Overlord  
  97  6:13  Overseer  
  97  6:19  Roach  
  97  6:20  Roach x3  
  97  6:24  Ravager  
  104  6:26  Drone x5  
  104  6:32  Drone  
  108  6:37  Drone x4  
  112  6:42  Drone  
  112  6:44  Drone x2  
  104  6:52  Drone x2  
  102  6:55  Queen  
  102  6:56  Queen, Overlord  
  102  7:00  Overseer  
  104  7:04  Evolution Chamber  
  104  7:05  Drone x3  
  106  7:11  Zergling x2  
  107  7:16  Zergling x4  
  107  7:17  Hatchery  
  107  7:22  Drone  
  109  7:24  Drone x3  
  109  7:27  Drone x4  
  109  7:28  Drone  
  117  7:37  Overlord  
  117  7:42  Zerg Melee Weapons Level 1  
  117  7:43  Baneling Nest, Roach x2  
  120  7:44  Overlord  
  120  7:54  Overlord x6  
  120  7:56  Extractor  
  118  8:06  Roach  
  118  8:07  Roach x2  
  124  8:13  Roach x5  
  124  8:19  Roach x4  
  140  8:23  Drone x2  
  140  8:24  Drone  
  140  8:26  Centrifical Hooks  
  143  8:27  Infestation Pit  
  142  8:34  Overlord  
  142  8:36  Drone x2  
  142  8:37  Spire  
  142  8:39  Drone  
  142  8:40  Drone  
  143  8:47  Overlord  
  143  8:49  Hatchery  
  143  8:54  Zergling x14  
  149  9:00  Drone  
  149  9:01  Zergling x2  
  149  9:02  Zergling x10  
  156  9:03  Ravager x6  
  156  9:04  Ravager x2  
  156  9:07  Overlord  
  164  9:17  Overlord  
  164  9:19  Overlord  
  164  9:23  Zergling x12  
  170  9:27  Baneling x3  
  170  9:28  Baneling x9  
  170  9:32  Hive  
  170  9:36  Drone x3  
  170  9:37  Drone  
  174  9:42  Drone x4  
  177  9:46  Drone x2  
  177  9:50  Mutalisk x2  
  182  9:53  Zerg Melee Weapons Level 2  
  175  10:00  Drone x4  
  175  10:03  Extractor  
  175  10:05  Baneling x6  
  175  10:06  Baneling x5  
  178  10:09  Zergling x6  
  181  10:15  Extractor  
  181  10:19  Zergling x18  
  187  10:34  Baneling x3, Zergling x6  
  187  10:35  Zergling x14  
  196  10:40  Baneling x21  
  196  10:47  Zergling x8  
  199  11:00  Overlord  
  199  11:04  Greater Spire  
  194  11:12  Zergling x14  
  186  11:28  Zergling x2  
  186  11:29  Zergling x20  
  162  11:34  Zergling x4  
  162  11:36  Zergling x2  
  162  11:37  Baneling x2  
  162  11:38  Baneling x8  
  154  11:41  Roach x6  
  165  11:49  Roach x4  
  165  11:52  Roach  
  170  11:56  Roach x3  
  170  12:00  Zergling x2  
  158  12:02  Queen  
  158  12:04  Zergling x4  
  153  12:09  Zergling x6  
  153  12:10  Queen x3, Corruptor  
  153  12:11  Corruptor x4  
  153  12:14  Zergling x2  
  167  12:22  Drone x3  
  164  12:23  Drone x3  
  167  12:32  Hatchery  
  167  12:34  Zerg Flyer Weapons Level 1  
  167  12:35  Zerg Missile Weapons Level 1, Adrenal Glands  
  166  12:41  Overlord  
  166  12:43  Corruptor x3  
  172  12:46  Brood Lord  
  172  12:47  Overlord  
  172  12:48  Drone x3  
  173  13:01  Zergling x14  
  173  13:03  Brood Lord x2  
  174  13:07  Brood Lord  
  174  13:08  Overseer  
  174  13:10  Zergling x2  
  174  13:11  Zergling x10  
  180  13:13  Brood Lord  
  182  13:21  Brood Lord  
  184  13:28  Brood Lord  
  186  13:34  Brood Lord  
  186  13:35  Zergling x2  
  186  13:36  Zergling x14  
  186  13:41  Spine Crawler x2, Spore Crawler  
  195  13:44  Spore Crawler  
  195  13:45  Corruptor  
  195  13:46  Corruptor  
  196  13:58  Drone x3  
  196  14:01  Overlord  
  199  14:02  Baneling  
  199  14:03  Baneling x16  
  199  14:05  Overseer  
  196  14:17  Overlord  
  196  14:20  Overlord  
  196  14:21  Pneumatized Carapace  
  196  14:23  Overseer x2  
  193  14:26  Zergling x4  
  188  14:35  Zergling x18  
  188  14:37  Corruptor  
  186  14:40  Drone x7  
  191  14:59  Zergling x4  
  169  15:05  Drone x12  
  173  15:25  Infestor x4  
  173  15:28  Hatchery, Corruptor  
  180  15:31  Corruptor  
  184  15:39  Brood Lord x2  
  186  15:50  Zerg Flyer Weapons Level 2  
  186  15:54  Zergling x12  
  186  15:56  Spine Crawler  
  191  15:57  Spore Crawler  
  191  15:59  Brood Lord  
  192  16:07  Baneling x13  
  191  16:16  Corruptor x2  
  189  16:34  Hatchery  
  189  16:37  Baneling  
  189  16:38  Baneling x2  
  188  16:41  Corruptor x2  
  188  16:43  Zerg Missile Weapons Level 2  
  192  16:53  Overseer, Spore Crawler  
  191  16:55  Spine Crawler  
  191  16:58  Drone x7  
  190  17:10  Zergling x18  
  190  17:14  Corruptor  
  193  17:25  Brood Lord  
  193  17:26  Brood Lord  
  193  17:28  Overlord x2  
  193  17:29  Corruptor  
  199  17:41  Spine Crawler  
  198  17:45  Spore Crawler  
  198  17:46  Neural Parasite, Spine Crawler  
  198  17:49  Evolution Chamber  
  198  17:50  Corruptor  
  197  17:53  Overseer  
  197  17:56  Overseer  
  197  18:02  Viper, Spore Crawler  
  191  18:29  Corruptor  
  191  18:30  Corruptor x5  
  177  18:43  Brood Lord  
  177  18:44  Brood Lord, Corruptor x4  
  185  18:50  Zergling x4  
  185  18:51  Zergling x12  
  190  18:58  Extractor  
  190  19:00  Extractor  
  190  19:02  Spine Crawler  
  187  19:05  Corruptor x3  
  187  19:09  Zergling x6  
  193  19:19  Zergling x14  
Show
View Real Time Build Order
Export as new Build Order

GunGFuBanDa Protoss 

Build Orders: Zealot Archon, Archon Drop 

Get SALT Encoding   

  12  0:00  Probe  
  13  0:13  Probe  
  14  0:18  Pylon  
  14  0:24  Probe  
  15  0:32  Probe  
  15  0:40  Gateway  
  15  0:41  Probe  
  17  0:50  Assimilator  
  17  0:51  Probe  
  18  1:03  Probe  
  19  1:15  Probe  
  20  1:19  Zealot  
  22  1:50  Nexus  
  22  2:03  Probe  
  22  2:04  Cybernetics Core  
  23  2:12  Pylon  
  23  2:23  Assimilator  
  23  2:27  Probe  
  23  2:35  Probe  
  24  2:40  Adept, Warp Gate  
  27  2:46  Probe  
  28  2:58  Probe x2  
  30  3:06  Probe  
  30  3:10  Probe  
  32  3:14  Probe  
  32  3:15  Stalker  
  32  3:19  Stargate  
  35  3:22  Probe x2  
  37  3:32  Probe, Gateway  
  37  3:34  Probe  
  39  3:44  Probe  
  39  3:46  Probe  
  41  3:56  Probe, Pylon  
  41  3:59  Probe  
  43  4:03  Oracle  
  43  4:05  Robotics Facility  
  46  4:10  Probe, Assimilator  
  46  4:12  Assimilator  
  46  4:14  Probe  
  46  4:15  Pylon  
  48  4:19  Probe  
  49  4:26  Probe  
  49  4:27  Twilight Council  
  50  4:31  Probe, Pylon  
  50  4:37  Adept  
  53  4:39  Adept  
  53  4:41  Probe  
  53  4:43  Probe  
  57  4:48  Charge  
  57  4:49  Warp Prism  
  57  4:56  Pylon  
  59  5:04  Gateway x2  
  59  5:10  Templar Archives  
  58  5:23  Probe  
  58  5:27  Gateway  
  59  5:34  Gateway  
  59  5:42  Gateway  
  59  5:43  Gateway  
  59  5:51  Pylon  
  59  5:53  High Templar x2  
  63  5:57  Nexus  
  63  5:59  High Templar x2  
  63  6:00  Archon  
  63  6:04  Observer, Archon  
  67  6:06  Probe  
  67  6:09  Probe  
  70  6:18  Probe  
  70  6:20  Probe  
  72  6:28  Probe  
  72  6:31  Probe  
  74  6:32  Forge  
  74  6:33  Stalker  
  74  6:36  Probe  
  76  6:43  Probe  
  76  6:47  Probe  
  76  6:52  Warp Prism  
  76  6:53  Stalker x2  
  71  6:55  Probe, Protoss Ground Weapons Level 1  
  71  6:57  Adept x2  
  71  6:59  Probe  
  71  7:01  Sentry, High Templar x2, Zealot  
  77  7:07  Probe  
  77  7:08  Archon  
  82  7:11  Probe x2  
  84  7:18  Assimilator  
  84  7:19  Probe  
  85  7:23  Probe  
  85  7:24  Probe  
  87  7:31  Probe  
  87  7:35  Zealot x3  
  87  7:36  Zealot, High Templar  
  100  7:38  High Templar  
  100  7:41  Pylon  
  100  7:42  Archon  
  100  7:43  Pylon  
  100  7:46  Pylon x2  
  100  7:50  Probe  
  101  7:54  Warp Prism  
  101  7:56  Assimilator  
  101  7:59  Probe  
  102  8:09  Zealot x7  
  112  8:25  Immortal  
  112  8:27  Psionic Storm  
  112  8:37  Protoss Ground Weapons Level 2  
  112  8:38  High Templar  
  112  8:39  Zealot x2, High Templar x2  
  112  8:40  Probe  
  112  8:41  Probe x2  
  125  8:43  Photon Cannon  
  125  8:45  Shield Battery, Pylon  
  125  8:58  High Templar  
  127  9:12  Nexus  
  127  9:20  High Templar  
  127  9:21  High Templar  
  127  9:22  Zealot x5  
  127  9:23  Pylon  
  141  9:26  Pylon  
  141  9:36  Dark Shrine  
  141  9:39  Pylon  
  141  9:40  Immortal, Gateway  
  141  9:43  Probe x3  
  141  9:44  Zealot  
  150  9:46  High Templar  
  150  9:49  High Templar  
  150  9:50  Zealot  
  156  9:56  Archon  
  156  10:03  Photon Cannon  
  156  10:04  Photon Cannon, Zealot x2  
  156  10:05  Zealot x2  
  164  10:16  Immortal  
  162  10:32  High Templar  
  162  10:33  Zealot x2, High Templar x3  
  162  10:34  Zealot x2  
  172  10:37  Archon x2  
  170  10:44  Probe  
  170  10:45  Probe  
  166  10:50  Protoss Ground Weapons Level 3  
  166  10:53  Immortal  
  166  10:56  Zealot x5  
  178  11:05  Stalker  
  178  11:10  Blink  
  170  11:18  Zealot x5  
  138  11:35  Observer, Archon  
  138  11:37  Zealot x4  
  138  11:39  Zealot x5  
  109  12:04  Zealot x5, Dark Templar x2  
  109  12:05  Zealot x2  
  109  12:06  Immortal  
  95  12:11  High Templar x2  
  95  12:12  High Templar x2  
  93  12:23  Zealot x3, High Templar x2  
  93  12:27  Assimilator  
  93  12:28  Archon  
  103  12:31  Assimilator  
  103  12:35  Immortal  
  103  12:40  Photon Cannon  
  103  12:42  Pylon  
  100  12:46  Dark Templar x3  
  100  12:50  Zealot, Dark Templar  
  100  12:51  Zealot x2  
  118  12:56  Dark Templar  
  118  12:57  Zealot  
  122  13:12  Zealot x3  
  128  13:17  Gateway  
  128  13:18  Gateway  
  127  13:22  Zealot x5  
  127  13:24  Nexus  
  127  13:26  Pylon  
  131  13:38  Dark Templar x3  
  137  13:43  Fleet Beacon, Stargate  
  137  13:49  Protoss Shields Level 1  
  137  13:54  Sentry, Zealot  
  137  13:55  Zealot x2  
  145  13:59  Photon Cannon  
  145  14:00  Protoss Air Weapons Level 1, Photon Cannon  
  145  14:01  Shield Battery  
  145  14:04  Pylon  
  145  14:07  Stalker x2  
  142  14:19  Stalker x8  
  156  14:29  Stalker  
  151  14:47  Stalker x4  
  151  14:48  Stalker  
  157  14:58  Stalker x4  
  137  15:12  High Templar x4  
  135  15:35  Nexus  
  135  15:36  Tempest  
  140  15:46  Tempest  
  145  16:23  Tempest  
  138  16:37  High Templar x4, Dark Templar x2  
  138  16:38  Zealot x2  
  148  16:43  Archon  
  148  16:44  Archon  
  148  16:47  Nexus  
  148  16:48  Pylon  
  148  16:52  Assimilator  
  148  16:53  Assimilator  
  136  17:02  Tempest  
  136  17:07  Probe  
  121  17:09  Probe  
  121  17:10  Probe x2  
  115  17:23  Probe  
  116  17:34  Probe  
  116  17:36  Zealot x2, High Templar x2, Nexus  
  124  17:38  Probe x3  
  124  17:40  Archon  
  124  17:42  Probe  
  124  17:43  Tempest  
  129  17:51  Probe x2  
  136  18:14  Zealot x2, High Templar x2  
  105  18:46  Probe x3  
  108  18:53  Probe  
  108  18:54  Dark Templar  
  108  18:55  Dark Templar x2  
  114  18:57  Probe  
  114  18:58  Probe x2  
  114  18:59  Probe, Assimilator  
  114  19:01  Probe  
  119  19:03  Assimilator  
  119  19:09  Probe  
  121  19:10  Probe x2  
  121  19:27  Probe x2  
Tags
 
Add a new tag
Caveats
  • Supply blocks, unpowered buildings, or Contaminate may cause inaccurate times.
  • Supply counts are checked every 10 seconds.